 Dungeon Crawl Stone Soup version 0.16-a0-3228-ge148b08 (webtiles) character file.

21257 myeffort the Black Sun (level 12, 77/90 HPs)
             Began as a Deep Dwarf Necromancer on Dec 21, 2014.
             Was a High Priest of Kikubaaqudgha.
             Quit the game on level 1 of the Lair of Beasts.
             The game lasted 01:50:45 (20111 turns).

myeffort the Black Sun (Deep Dwarf Necromancer)    Turns: 20111, Time: 01:50:45

Health: 77/90      AC: 14    Str: 13    XL:     12   Next: 52%
Magic:  3/34       EV: 12    Int: 20    God:    Kikubaaqudgha [*****.]
Gold:   1295       SH:  0    Dex: 13    Spells: 6 memorised, 2 levels left

rFire  . . .     SeeInvis .     a - +1 flail (protect)
rCold  + . .     Clarity  .     e - +1 leather armour {rC+}
rNeg   . . .     SustAb   .     (no shield)
rPois  .         Gourm    .     F - +2 hat
rElec  .         Spirit   .     f - +0 cloak
rCorr  +         Warding  .     D - +1 pair of gloves
rMut   .         Stasis   .     (no boots)
MR     +....                    E - amulet of resist corrosion
Stlth  +++++.....               z - ring of stealth
                                n - ring of magical power

@: mildly poisoned, non-regenerating, somewhat resistant to hostile
enchantments, quite stealthy
A: damage resistance, recharge devices, antennae 1, sense surroundings 2, slow
healing 3
a: Device Recharging, Receive Corpses, Torment, Renounce Religion


You were on level 1 of the Lair of Beasts.
You worshipped Kikubaaqudgha.
Kikubaaqudgha was extremely pleased with you.
You were hungry.

You visited 4 branches of the dungeon, and saw 18 of its levels.
You also visited: Sewer and Ossuary.

You collected 1350 gold pieces.
You spent 55 gold pieces at shops.

Inventory:

Hand weapons
 a - a +1 flail of protection (weapon)
 b - a +1 blowgun
Missiles
 X - 47 poisoned needles
Armour
 e - a +1 leather armour of cold resistance (worn)
 f - a +0 cloak (worn)
 D - a +1 pair of gloves (worn)
 F - a +2 hat (worn)
 I - a +0 shield
Jewellery
 d - a cursed ring of teleportation {unknown}
 n - a ring of magical power (left hand)
 s - an uncursed amulet of rage {unknown}
 z - a ring of stealth (right hand)
 C - an uncursed ring of protection from cold
 E - an amulet of resist corrosion (around neck)
 R - an uncursed ring of sustain abilities
Magical devices
 c - a wand of heal wounds (1)
 H - a wand of cold (9)
 K - a wand of polymorph (4)
Scrolls
 g - 3 scrolls of blinking
 h - a scroll of random uselessness {unknown}
 i - a scroll of enchant weapon
 j - a scroll of magic mapping
 k - 5 scrolls of enchant armour
 l - a scroll of noise {unknown}
 o - 5 scrolls of remove curse
 p - a scroll of fog
 q - a scroll of teleportation
 r - 3 scrolls of fear
 w - a scroll of vulnerability {unknown}
 y - a scroll of amnesia
 A - a scroll of recharging {unknown}
 B - 6 scrolls of identify
 Y - a scroll of brand weapon {unknown}
Potions
 m - 2 potions of flight
 u - 3 potions of haste
 J - 2 potions of brilliance
 M - a potion of magic
 O - a potion of cure mutation
 S - a potion of cancellation
 T - a potion of agility
 V - 4 potions of curing
Books
 v - a book of Changes

   Spells                             Type                      Level
   a - Beastly Appendage              Transmutation                1
   b - Sticks to Snakes               Transmutation                2
   c - Spider Form                    Transmutation/Poison         3
   d - Ice Form                       Ice/Transmutation            4
   e - Blade Hands                    Transmutation                5
Miscellaneous
 t - a lantern of shadows
Comestibles
 G - a beef jerky


   Skills:
 - Level 0.6 Fighting
   Level 0.1 Short Blades
 - Level 0.2 Maces & Flails
 - Level 2.1 Dodging
 - Level 10.0 Stealth
 - Level 5.3 Spellcasting
 + Level 9.4 Conjurations
 - Level 15.3 Necromancy
 * Level 9.5 Evocations


You had 2 spell levels left.
You knew the following spells:

 Your Spells              Type           Power        Failure   Level  Hunger
a - Pain                  Necr           ####         1%          1    None
b - Vampiric Draining     Necr           ######....   1%          3    ##.....
c - Control Undead        Necr           ######....   1%          4    ####...
d - Animate Dead          Necr           N/A          1%          4    ####...
e - Sublimation of Blood  Necr           ######....   1%          2    None
f - Bolt of Draining      Conj/Necr      ######....   1%          5    #####..


Dungeon Overview and Level Annotations

Branches:
Dungeon (13/15)            Temple (1/1) D:5            Lair (2/8) D:11
    Orc (2/4) D:10         Vaults (0/5) D:13

Altars:
Ashenzari
Cheibriados
Dithmenos
Elyvilon
Fedhas
Gozag
Kikubaaqudgha
Makhleb
Nemelex Xobeh
Okawaru
Qazlal
Ru
Sif Muna
Trog
Vehumet
Xom
Yredelemnul
Zin
The Shining One
Beogh

Shops:
D:6 (   D:7 :(%[   D:8 !   D:10 =   D:13 !

Annotations:
D:5 Blork the orc, Grinder
D:6 exclusions: hippogriff and ice beast
D:9 exclusion: oklob sapling
Lair:2 Miyamura's ghost, powerful DEFE
Orc:2 exclusions: Joseph and upstairs


Innate Abilities, Weirdness & Mutations

You are resistant to damage.
You can recharge devices by infusing magical energy.
You passively map the area around you.
You do not heal naturally.
You have a pair of small antennae on your head.


Message History

Aim: a water moccasin (severely wounded)
You kill the water moccasin!
Kikubaaqudgha accepts your kill.
You feel life coursing into your body.
Eat a chunk of flesh? (ye/n/q/i?) This raw flesh tastes terrible.
You are feeling hungry.
You continue eating.
The blink frog hits you! The blink frog barely misses you.
You continue eating.
The blink frog hits you.
Save game and exit?
Welcome back, myeffort the Deep Dwarf Necromancer.
Kikubaaqudgha says: Spread unending torment and darkness!
Press ? for a list of commands and other information.
Are you sure you want to abandon this character and quit the game? (Confirm with "yes".)
Okay, then.
Drink which item? (? for menu, Esc to quit)
Okay, then.
Are you sure you want to abandon this character and quit the game? (Confirm with "yes".)

* #..# ,, #.## * *## #.P#
* #+####.# ##.## , ,
.......# #..# ,, .......#
######P.# , ,
.......######.#.....# *
.......##P...≈...F..#....
,, , ,
..=....###..≈≈≈.@.≈....#*
*,
..<....+....≈≈≈≈..≈≈####
* #
.......##..≈≈≈≈≈≈≈≈≈≈# *
*##.
P'#####.##.≈≈≈≈≈≈≈≈≈.#
#.. ..# *####.≈≈≈≈≈≈≈≈.#
###.P .## #.≈≈≈≈≈≈≈≈.#
###P#.P .## #≈.≈≈≈≈≈≈.##
#...... #.#####
###.......# ######.....
......###
####......###P##.#.....


You could see a blink frog.

Vanquished Creatures
  A hydra (D:11)
  A centaur warrior (D:13)
  2 hill giants
  An ugly thing (D:11)
  An orc sorcerer (Orc:2)
  3 elephants (Lair:2)
  Maurice (Orc:2)
  Joseph (Orc:2)
  3 trolls
  2 blink frogs (Lair:1)
  2 fire drakes
  2 two-headed ogres
  3 deep elf magi
  7 yaks
  A basilisk (Lair:1)
  A wyvern (D:7)
  3 hippogriffs
  2 humans (D:9)
  A hungry ghost (D:10)
  An ice beast (D:13)
  2 wargs (Orc:1)
  Edmund (D:6)
  A water moccasin (Lair:1)
  4 wolves (Lair:1)
  A spider (D:11)
  A phantom (D:10)
  A porcupine (Lair:1)
  4 sky beasts
  5 orc warriors
  A yellow wasp (D:11)
  11 centaurs
  3 crocodiles (Lair:1)
  Sigmund (D:4)
  Duvessa (D:6)
  6 ogres
  A big kobold (D:7)
  A gnoll sergeant (D:7)
  9 giant frogs
  A wyvern zombie (D:7)
  7 scorpions
  2 troll zombies (D:10)
  6 killer bees
  2 electric eels
  A quasit (D:8)
  3 wights
  Dowan (D:6)
  3 centaur zombies
  8 hounds
  A jelly (D:7)
  A yellow wasp zombie (D:10)
  A crimson imp (D:9)
  2 giant frog zombies
  2 goliath beetles (D:7)
  9 orc priests
  A centaur skeleton (D:7)
  3 giant frog skeletons
  5 iguanas
  7 worker ants
  11 orc wizards
  4 ogre zombies (D:10)
  Ijyb (D:2)
  A hound zombie (D:8)
  A worker ant zombie (D:9)
  7 river rats
  3 gnolls (D:7)
  2 shadow imps
  8 adders
  A giant mite (Sewer)
  2 worms (D:2)
  2 adder zombies (Ossuary)
  An adder skeleton (D:4)
  An ooze (Sewer)
  69 orcs
  4 ball pythons
  A bat skeleton (D:4)
  7 giant cockroaches
  13 goblins
  10 hobgoblins
  12 jackals
  7 kobolds
  9 quokkas
  16 bats
  6 giant geckos
  A giant gecko skeleton (D:4)
  2 giant newts (Sewer)
  7 goblin zombies
  A hobgoblin skeleton (D:10)
  6 hobgoblin zombies
  A jackal zombie (Ossuary)
  4 kobold zombies (Ossuary)
  4 orc skeletons (D:10)
  17 orc zombies
  15 rats
416 creatures vanquished.

Vanquished Creatures (collateral kills)
  A centaur warrior (D:8)
  A hydra (D:12)
  A cyclops (D:12)
  An elephant (Lair:2)
  3 ugly things (D:12)
  2 centaur zombies
  A gargoyle (D:12)
  A komodo dragon (D:11)
  A wandering mushroom (D:9)
  A troll (D:13)
  A trapdoor spider zombie (D:11)
  A hungry ghost (D:12)
  A wyvern (D:12)
  6 yaks
  2 hippogriffs
  2 wargs
  A water moccasin (D:13)
  A yellow wasp (D:13)
  4 orc warriors
  4 spiders (D:11)
  2 ogres
  2 phantoms
  7 centaurs
  A big kobold (D:12)
  A wyvern zombie (D:10)
  A troll zombie (D:10)
  3 wights
  A killer bee (D:12)
  A quasit (D:11)
  2 orc wizards
  A jelly (D:12)
  2 orc priests (D:10)
  2 worker ants (D:9)
  An ogre zombie (D:10)
  5 mummies
  A river rat (Lair:1)
  A shadow imp (D:8)
  24 orcs
  2 bats (D:9)
  2 hobgoblins
  2 kobolds (D:12)
  2 goblin zombies
  7 hobgoblin zombies (Ossuary)
  A jackal zombie (Ossuary)
  3 kobold zombies (Ossuary)
  An orc skeleton (D:10)
  5 orc zombies
  A quokka skeleton (D:9)
  A fungus (Lair:1)
  A plant (Lair:2)
122 creatures vanquished.

Vanquished Creatures (others)
  An ugly thing zombie (D:12)
  A wolf spider zombie (D:11)
  A harpy zombie (D:12)
  2 hydra zombies (D:11)
  A griffon zombie (D:11)
  2 hill giant zombies
  An elephant zombie (Lair:2)
  2 fire drake zombies
  2 yaktaur zombies
  A wyvern zombie (D:12)
  A spider zombie (D:11)
  A warg zombie (Orc:2)
  5 troll zombies
  2 hippogriff zombies
  3 yak zombies
  A wight (D:10)
  A wolf zombie (Lair:1)
  2 two-headed ogre zombies
  3 elf zombies
  5 centaur zombies
  2 giant frog skeletons
  A big kobold zombie (D:12)
  A crocodile zombie (Lair:1)
  3 ogre zombies
  A sky beast zombie (D:12)
  2 hound zombies
  2 worker ant zombies
  An adder zombie (D:13)
  An orc (Orc:2)
  A bat zombie (D:9)
  4 jackals (D:10)
  A giant cockroach zombie (D:9)
  A giant newt zombie (D:11)
  A goblin zombie (Orc:2)
  3 hobgoblin zombies
  3 kobold zombies
  An orc skeleton (Orc:2)
  33 orc zombies
  A rat zombie (D:10)
  2 fungi (Lair:2)
  11 plants
114 creatures vanquished.

Grand Total: 652 creatures vanquished

Notes
Turn   | Place    | Note
--------------------------------------------------------------
     0 | D:1      | myeffort, the Deep Dwarf Necromancer, began the quest for the Orb.
     0 | D:1      | Reached XP level 1. HP: 15/15 MP: 2/2
   480 | D:1      | Reached XP level 2. HP: 22/22 MP: 1/3
   564 | D:1      | Reached skill level 5 in Necromancy
   911 | D:2      | Noticed Ijyb
   931 | D:2      | Killed Ijyb
   931 | D:2      | Reached XP level 3. HP: 21/28 MP: 0/5
   941 | D:2      | Learned a level 3 spell: Vampiric Draining
  1563 | D:2      | Reached skill level 6 in Necromancy
  2025 | D:3      | Reached XP level 4. HP: 28/36 MP: 5/6
  2537 | D:4      | Reached XP level 5. HP: 40/42 MP: 0/7
  2649 | D:4      | Reached skill level 7 in Necromancy
  2948 | D:4      | Noticed an ogre
  2957 | D:4      | Killed an ogre
  3025 | D:4      | Noticed Sigmund
  3034 | D:4      | Killed Sigmund
  3034 | D:4      | Reached skill level 8 in Necromancy
  3034 | D:4      | Reached XP level 6. HP: 45/50 MP: 9/9
  3671 | D:4      | Learned a level 4 spell: Control Undead
  3791 | D:5      | Entered Level 5 of the Dungeon
  3805 | D:5      | Noticed Blork the orc
  3938 | D:5      | Reached XP level 7. HP: 42/56 MP: 10/10
  4029 | D:5      | Found a glowing drain.
  4046 | Sewer    | Entered a sewer
  4051 | Sewer    | Gained mutation: You have supernaturally acute eyesight. [potion of mutation]
  4051 | Sewer    | Lost mutation: You have supernaturally acute eyesight. [potion of mutation]
  4051 | Sewer    | Gained mutation: You have a pair of small antennae on your head. [potion of mutation]
  4722 | D:5      | Reached skill level 5 in Stealth
  4902 | D:6      | Reached skill level 9 in Necromancy
  4931 | D:5      | Found a blossoming altar of Fedhas.
  5195 | D:5      | Found a staircase to the Ecumenical Temple.
  5203 | Temple   | Entered the Ecumenical Temple
  5441 | D:5      | Noticed Grinder
  5587 | D:6      | Found Twiadour's Antique Weapon Shop.
  5655 | D:6      | Found a glowing golden altar of the Shining One.
  5663 | D:6      | Found a shadowy altar of Dithmenos.
  5767 | D:6      | Noticed Duvessa
  5778 | D:6      | Killed Duvessa
  6022 | D:6      | Reached XP level 8. HP: 52/63 MP: 12/12
  6247 | D:6      | Noticed Edmund
  6469 | D:6      | Killed Edmund
  6491 | D:6      | Reached skill level 10 in Necromancy
  6634 | D:6      | Noticed Dowan
  6641 | D:6      | Killed Dowan
  6751 | D:7      | Found Seamoarr's Book Shoppe.
  7105 | D:7      | Found Tous Hacef's Food Boutique.
  7123 | D:7      | Found Trywn's Armour Shop.
  7144 | D:7      | Found a glowing silver altar of Zin.
  7144 | D:7      | Found a snail-covered altar of Cheibriados.
  7145 | D:7      | Found a white marble altar of Elyvilon.
  7303 | D:7      | Found an ancient bone altar of Kikubaaqudgha.
  7312 | D:7      | Became a worshipper of Kikubaaqudgha
  7488 | D:7      | Found Ephuac's Weapon Emporium.
  8126 | D:7      | Reached skill level 11 in Necromancy
  8126 | D:7      | Gained mutation: You passively map the area around you. [level up]
  8126 | D:7      | Reached XP level 9. HP: 67/69 MP: 0/13
  8253 | D:8      | Found Ynisot's Distillery.
  8264 | D:8      | Bought a potion of heal wounds for 55 gold pieces
  8492 | D:8      | Found a sand-covered staircase.
  8506 | D:8      | Reached skill level 10 in Stealth
  8508 | Ossuary  | Entered an ossuary
  8956 | D:8      | Noticed a hill giant
  9133 | D:8      | Noticed a centaur warrior
  9201 | D:7      | Learned a level 4 spell: Animate Dead
  9615 | D:9      | Found an opulent altar of Gozag.
  9666 | D:9      | Learned a level 2 spell: Sublimation of Blood
  9744 | D:9      | Found an ancient bone altar of Kikubaaqudgha.
  9748 | D:9      | Identified Kikubaaqudgha's Catalogue of Black Rites
  9756 | D:9      | Found a deep blue altar of Sif Muna.
  9760 | D:9      | Identified Sif Muna's Catalogue of Execration
  9767 | D:9      | Found a radiant altar of Vehumet.
  9772 | D:9      | Identified Vehumet's Papyrus of Damage Dealing
  9809 | D:9      | Acquired Kikubaaqudgha's first power
  9809 | D:9      | Received a gift from Kikubaaqudgha
  9812 | D:9      | Identified Kikubaaqudgha's Grimoire of Unholy Magic (Kikubaaqudgha gifted it to you on level 9 of the Dungeon)
  9858 | D:9      | Reached skill level 12 in Necromancy
 10251 | D:9      | Found an iron altar of Okawaru.
 10610 | D:9      | Found a roughly hewn altar of Beogh.
 10920 | D:8      | Killed a hill giant
 10920 | D:8      | Reached skill level 13 in Necromancy
 10920 | D:8      | Reached XP level 10. HP: 41/76 MP: 16/20
 10981 | D:8      | Acquired Kikubaaqudgha's second power
 11082 | D:8      | Killed a centaur warrior
 11697 | D:9      | Reached skill level 14 in Necromancy
 11939 | D:9      | Found a blossoming altar of Fedhas.
 12003 | D:10     | Entered Level 10 of the Dungeon
 12061 | D:10     | Found a staircase to the Orcish Mines.
 12308 | D:10     | Reached skill level 15 in Necromancy
 12557 | D:10     | Found Thon's Jewellery Emporium.
 12946 | D:11     | Reached XP level 11. HP: 50/82 MP: 2/22
 13132 | D:11     | Noticed a brown ugly thing
 13154 | D:11     | Killed a brown ugly thing
 13154 | D:11     | Reached skill level 5 in Spellcasting
 13258 | D:11     | Received a gift from Kikubaaqudgha
 13262 | D:11     | Identified Kikubaaqudgha's Compendium of Sinister Magic (Kikubaaqudgha gifted it to you on level 11 of the Dungeon)
 13269 | D:11     | Learned a level 5 spell: Bolt of Draining
 13480 | D:11     | Reached skill level 1 in Conjurations
 13552 | D:11     | Found a staircase to the Lair.
 13559 | D:11     | Noticed a seven-headed hydra
 13578 | D:11     | Killed a seven-headed hydra
 13797 | Orc:1    | Entered Level 1 of the Orcish Mines
 13973 | Orc:1    | Found a bloodstained altar of Trog.
 14514 | Orc:2    | Noticed Joseph
 14568 | Orc:2    | Noticed Maurice
 14608 | Orc:2    | Killed Maurice
 14767 | Orc:2    | Reached skill level 5 in Conjurations
 15008 | Orc:2    | Killed Joseph
 15317 | D:12     | Noticed an eight-headed hydra
 15324 | D:12     | Killed an eight-headed hydra
 15554 | D:12     | Acquired Kikubaaqudgha's third power
 16927 | D:13     | Found Woabut Recs' Distillery.
 16942 | D:13     | Noticed a hill giant
 16955 | D:13     | Killed a hill giant
 17159 | D:13     | Reached XP level 12. HP: 62/90 MP: 24/24
 17176 | D:13     | Reached skill level 1 in Evocations
 17370 | D:13     | Noticed a centaur warrior
 17381 | D:13     | Killed a centaur warrior
 17794 | D:13     | Found a gate to the Vaults.
 17794 | D:13     | Noticed a vault guard
 17794 | D:13     | Noticed a vault guard
 17794 | D:13     | Noticed a vault guard
 17794 | D:13     | Noticed a vault guard
 17794 | D:13     | Noticed a vault guard
 17795 | D:13     | Noticed a vault guard
 17795 | D:13     | Noticed a vault guard
 17795 | D:13     | Noticed a vault guard
 18160 | Lair:1   | Entered Level 1 of the Lair of Beasts
 18576 | Lair:1   | Reached skill level 5 in Evocations
 19716 | Lair:2   | Noticed Miyamura's ghost (powerful DEFE)
 20069 | Lair:2   | Acquired Kikubaaqudgha's fourth power
 20111 | Lair:1   | Quit the game

Action                   |  1- 3 |  4- 6 |  7- 9 | 10-12 || total
-------------------------+-------+-------+-------+-------++-------
Melee: Unarmed           |    11 |       |       |       ||    11
       Short sword       |    15 |       |       |       ||    15
       Dagger            |       |    19 |    98 |       ||   117
       Flail             |       |    18 |     6 |   137 ||   161
 Fire: Blowgun           |       |       |     4 |    11 ||    15
Throw: Throwing net      |       |       |       |     1 ||     1
 Cast: Pain              |    54 |    60 |   260 |    63 ||   437
       Vampiric Draining |    13 |    30 |   119 |   208 ||   370
       Control Undead    |       |     2 |    28 |    14 ||    44
       Animate Dead      |       |       |    14 |    47 ||    61
       Bolt of Draining  |       |       |       |    65 ||    65
       Sublimation of Bl |       |       |       |     3 ||     3
Invok: Receive Corpses   |       |       |     2 |    11 ||    13
Evoke: Wand              |       |       |    15 |    12 ||    27
  Use: Potion            |       |     1 |    13 |     8 ||    22
       Scroll            |       |     1 |     3 |    12 ||    16
 Stab: Sleeping          |       |       |     1 |     1 ||     2
       Distracted        |       |       |       |     2 ||     2
  Eat: Chunk             |     5 |    10 |    29 |    30 ||    74
       Pizza             |       |     1 |       |       ||     1
       Meat ration       |       |       |     3 |     1 ||     4
       Beef jerky        |       |       |     1 |       ||     1
       Fruit             |       |       |       |     2 ||     2
       Bread ration      |       |       |       |     7 ||     7
       Royal jelly       |       |       |       |     1 ||     1
